 Dungeon Crawl Stone Soup version 0.31-a0-1074-g0b22e4e0f1 (webtiles) character file.

Game seed: 7446804347358524518

1 hikkokomori the Covered (level 1, -1/17 HPs)
             Began as a Gnoll Wanderer on Nov 28, 2023.
             Slain by a kobold
             ... wielding a +0 dagger of distortion
              (5 damage)
             ... on level 1 of the Dungeon.
             The game lasted 00:01:14 (112 turns).

hikkokomori the Covered (Gnoll Wanderer)             Turns: 112, Time: 00:01:15

Health: -1/17      AC:  9    Str: 11    XL:     1   Next: 20%
Magic:  0/6        EV:  9    Int: 12    God:
Gold:   19         SH:  0    Dex: 10    Spells: 9/9 levels left

rFire   . . .        a - +0 club
rCold   . . .        (no shield)
rNeg    . . .        c - +0 scale mail
rPois   .            (no helmet)
rElec   .            (no cloak)
rCorr   .            g - +0 pair of gloves
SInv    .            (no boots)
Will    .....        e - amulet of guardian spirit Stlth
                     (no ring)
HPRegen 0.22/turn    (no ring)
MPRegen 0.10/turn

%: guardian spirit
@: no status effects
A: fangs 1, strong nose, distributed training
a: no special abilities


You were on level 1 of the Dungeon.
You visited 1 branch of the dungeon, and saw 1 of its levels.

You collected 19 gold pieces.

Inventory:

Hand Weapons
 a - a +0 club (weapon)
Armour
 c - a +0 scale mail (worn)
 g - a +0 pair of gloves (worn)
Jewellery
 e - an amulet of guardian spirit (around neck)
Scrolls
 d - a scroll of identify {unknown}
Potions
 b - a potion of brilliance
 f - a potion of enlightenment {unknown}


   Skills:
 + Level 2.3 Fighting
 + Level 0.0 Short Blades
 + Level 0.0 Long Blades
 + Level 0.0 Axes
 + Level 0.0 Maces & Flails
 + Level 0.0 Polearms
 + Level 0.0 Staves
 + Level 0.0 Ranged Weapons
 + Level 0.0 Throwing
 + Level 6.4 Armour
 + Level 2.3 Dodging
 + Level 2.1 Stealth
 + Level 0.0 Shields
 + Level 0.0 Unarmed Combat
 + Level 4.8 Spellcasting
 + Level 3.6 Conjurations
 + Level 0.0 Hexes
 + Level 0.0 Summonings
 + Level 0.0 Necromancy
 + Level 0.0 Translocations
 + Level 0.0 Transmutations
 + Level 0.0 Fire Magic
 + Level 0.0 Ice Magic
 + Level 0.0 Air Magic
 + Level 0.0 Earth Magic
 + Level 0.0 Poison Magic
 + Level 0.0 Invocations
 + Level 0.0 Evocations
 + Level 0.0 Shapeshifting


You had 9 spell levels left.
You didn't know any spells.
Your spell library contained the following spells:

 Spells                   Type           Power      Damage    Failure   Level
 Shock                    Conj/Air       28%        1d4       43%         1
 Freeze                   Ice            8%         1d3       69%         1
 Dazzling Flash           Conj/Hex       14%        N/A       80%         3
 Frozen Ramparts          Ice            4%         1d1       96%         3
 Iskenderun's Mystic Bla  Conj/Tloc      7%         2d4       99%         4


Dungeon Overview and Level Annotations

Branches:
Dungeon (1/15)

Altars:


Innate Abilities, Weirdness & Mutations

You have very sharp teeth.
Your uncanny sense of smell can sniff out nearby items.
Your experience applies equally to all skills.


Message History

The rat closely misses you.
You hit the rat.
You kill the rat!
A ball python comes into view.
The ball python hisses angrily.
You see here a bubbling purple potion.
f - a bubbling purple potion You hit the ball python.
The ball python is severely wounded.
The ball python misses you. The ball python grabs you.
The ball python constricts you. The ball python closely misses you.
The ball python constricts you.
You hit the ball python.
You kill the ball python!
You see here a +0 pair of gloves.
g - a +0 pair of gloves You start putting on your armour.
You continue putting on your +0 pair of gloves. x4
You finish putting on your +0 pair of gloves.
You start putting on your amulet.
You continue putting on your amulet of guardian spirit. x5
You finish putting on your amulet of guardian spirit.
You feel your power drawn to a protective spirit.
e - an amulet of guardian spirit (around neck)
A kobold comes into view.
It is wielding a +0 dagger of distortion.
Found an escape hatch in the floor.
The kobold shouts!
You have nothing you can fire or use right now.
You aren't carrying any items that you can evoke.
A dart slug and a quokka come into view.
You miss the kobold. The kobold hits you but does no damage.
Space warps horribly around you!
Ouch! That really hurt!
* * * LOW HITPOINT WARNING * * *
A frilled lizard comes into view.
The kobold hits you but does no damage. Space warps around you.
* * * LOW HITPOINT WARNING * * *
You closely miss the kobold. The kobold hits you but does no damage.
Space warps around you.
You die...

### # #.. #.##.#
...# ###### ∆
#.###########.....
#.................
#@#########.#.....
#....K.# #.#...†.
#.....l.# #.#.....
....r.... #.#.....
#.......# #.#.....
##>....## #.###.##
......# #.# #.#
.....# #.# #.#
#.###.#


You could see a quokka, a kobold and a frilled lizard.

Vanquished Creatures
  A ball python (D:1)
  A rat (D:1)
2 creatures vanquished.

Notes
Turn   | Place    | Note
-------+----------+-------------------------------------------
     0 | D:1      | hikkokomori the Gnoll Wanderer began the quest for the Orb.
     0 | D:1      | hikkokomori set off with the following items: a +0 club, a
                  | potion of brilliance, a +0 scale mail; and the following
                  | spells available to memorise: Shock, Freeze, Dazzling
                  | Flash, Frozen Ramparts, Iskenderun's Mystic Blast.
     0 | D:1      | Reached XP level 1. HP: 17/17 MP: 6/6
   112 | D:1      | Slain by a kobold

Illustrated notes

Levels and vault maps discovered:
D:1:      elethiomel_arrival_infinity_welcomes_careful_drivers,
          layout_loops_ring

Action                     || total
---------------------------++-------
  Melee: Club              ||     5
 Armour: Scale mail        ||     3
  Dodge: Dodged            ||     3

Table legend: (Time is in decaauts)
 A = Elapsed time spent in this place.
 B = Non-inter-level travel time spent in this place.
 C = Inter-level travel time spent in this place.
 D = Time resting spent in this place.
 E = Time spent auto-exploring this place.
 F = Levels seen in this place.
 G = Mean time per level.
                   A        B        C        D        E       F      G
               +--------+--------+--------+--------+--------+-----+--------+
         Total |    113 |    113 |      0 |      0 |     78 |   1 |  113.0 |
       Dungeon |    113 |    113 |      0 |      0 |     78 |   1 |  113.0 |
               +--------+--------+--------+--------+--------+-----+--------+

Top non-repeatable levels by time:
     D:1: 113 daAuts
